 Dungeon Crawl Stone Soup version 0.23-a0-837-ga3e6480 (webtiles) character file.

3444 tilp the Spear-Bearer (level 10, 0/111 (114) HPs)
             Began as a Merfolk Ice Elementalist on Jan 24, 2019.
             Was a Believer of Makhleb.
             Slain by a warg (7 damage)
             ... on level 9 of the Dungeon.
             The game lasted 00:31:58 (10281 turns).

tilp the Spear-Bearer (Merfolk Ice Elementalist)   Turns: 10281, Time: 00:31:58

HP:   0/111 (114)   AC: 12    Str: 22    XL:     10   Next: 5%
MP:   18/24         EV: 16    Int: 20    God:    Makhleb [**....]
Gold: 352           SH:  0    Dex: 15    Spells: 10/16 levels left

rFire    . . .     SeeInvis .   a - +3 spear (freeze)
rCold    + . .     Gourm    .   (no shield)
rNeg     . . .     Faith    .   K - +0 leather armour {rPois}
rPois    +         Spirit   .   f - +1 hat
rElec    .         Reflect  .   k - scarf {repulsion}
rCorr    .         Harm     .   i - +0 pair of gloves
MR       .....     NoTele   +   j - +0 pair of boots
Stlth    ..........             s - amulet of regeneration
HPRegen  0.68/turn              v - ring of magical power
MPRegen  0.19/turn              C - ring of Odiut {-Tele rC+ Str+9 Int+2 Stlth-}

@: berserking, icy armour, repel missiles, very quick
A: change form in water, swift swim, stealthy swim
a: Minor Destruction, Renounce Religion


You were on level 9 of the Dungeon.
You worshipped Makhleb.
Makhleb was pleased with you.
You were not hungry.

You visited 2 branches of the dungeon, and saw 10 of its levels.

You collected 595 gold pieces.
You spent 243 gold pieces at shops.

Inventory:

Hand Weapons
 a - a +3 spear of freezing (weapon)
Missiles
 D - 10 tomahawks (quivered)
Armour
 f - a +1 hat (worn)
 i - a +0 pair of gloves (worn)
 j - a +0 pair of boots (worn)
 k - a scarf of repulsion (worn)
 n - a cursed +0 buckler
 B - a scarf of cloud immunity
 K - a +0 leather armour of poison resistance (worn)
Jewellery
 s - an amulet of regeneration (around neck)
 v - a ring of magical power (left hand)
 C - the ring of Odiut (right hand) {-Tele rC+ Str+9 Int+2 Stlth-}
   (You found it on level 6 of the Dungeon)

   [ring of protection from cold]

   It affects your strength (+9).
   It affects your intelligence (+2).
   It protects you from cold.
   It prevents most forms of teleportation.
   It makes you less stealthy.
Wands
 d - a wand of polymorph (9)
 w - a wand of scattershot (3)
 z - a wand of acid (3)
 A - a wand of paralysis (2)
 G - a wand of digging (7)
 H - a wand of iceblast (10)
Scrolls
 e - 3 scrolls of enchant weapon
 g - 2 scrolls of teleportation
 l - a scroll of amnesia
 m - a scroll of blinking
 q - 3 scrolls of remove curse
 t - a scroll of fear {unknown}
 x - 2 scrolls of immolation
 y - a scroll of magic mapping
 F - a scroll of fog {unknown}
Potions
 b - 5 potions of might
 o - 3 potions of brilliance
 p - 4 potions of curing
 u - a potion of agility {unknown}
 E - 4 potions of mutation
 I - a potion of heal wounds {unknown}
 L - a potion of lignification {unknown}
Comestibles
 c - 8 rations
 r - 10 chunks of flesh


   Skills:
 - Level 6.2 Fighting
 - Level 12.5 Polearms
 - Level 6.3 Dodging
 - Level 2.1 Stealth
 + Level 3.7 Spellcasting
 - Level 0.7 Conjurations
 - Level 8.1 Ice Magic


You had 10 spell levels left.
You knew the following spells:

 Your Spells              Type           Power        Failure   Level  Hunger
a - Freeze                Ice            ####         1%          1    None
b - Throw Frost           Conj/Ice       ###...       3%          2    ##.....
c - Ozocubu's Armour      Chrm/Ice       ###.....     9%          3    ###....

Your spell library contained the following spells:

 Spells                   Type           Power        Failure   Level  Hunger
 Magic Dart               Conj           #...         11%         1    None
 Beastly Appendage        Tmut           #.....       16%         1    None
 Infusion                 Chrm           #...         16%         1    None
 Searing Ray              Conj           #.....       17%         2    ##.....
 Shroud of Golubria       Chrm/Tloc      #.........   22%         2    ##.....
 Song of Slaying          Chrm           #.......     22%         2    ##.....
 Sticks to Snakes         Tmut           #.......     22%         2    ##.....
 Throw Icicle             Conj/Ice       ###.....     24%         4    ####...
 Ice Form                 Ice/Tmut       ###.....     28%         4    ####...
 Summon Ice Beast         Ice/Summ       ###.....     28%         4    ####...
 Dazzling Spray           Conj/Hex       #.....       36%         3    ###....
 Static Discharge         Conj/Air       #.......     36%         3    ###....
 Regeneration             Chrm/Necr      #.........   41%         3    ###....
 Spectral Weapon          Hex/Chrm       #.......     41%         3    ###....
 Spider Form              Tmut/Pois      #.........   41%         3    ###....
 Iskenderun's Mystic Bla  Conj           #.......     73%         4    ####...
 Force Lance              Conj/Tloc      #.......     78%         4    ####...
 Fulminant Prism          Conj/Hex       #.........   78%         4    ####...
 Airstrike                Air            #.........   83%         4    ####...
 Bolt of Cold             Conj/Ice       ###.......   98%         6    #######
 Blade Hands              Tmut           #.........   99%         5    ######.


Dungeon Overview and Level Annotations

Branches:
Dungeon (9/15)             Temple (1/1) D:5             Orc (0/2) D:9
   Lair: D:8-11

Altars:
Ashenzari
Cheibriados
Dithmenos
Elyvilon
Fedhas
Gozag
Hepliaklqana
Kikubaaqudgha
Makhleb
Nemelex Xobeh
Okawaru
Qazlal
Ru
Sif Muna
Trog
Uskayaw
Vehumet
Xom
Yredelemnul
Zin
The Shining One
Lugonu

Shops:
D:4 (

Annotations:
D:2 Sigmund
D:6 exclusion: statue, Grinder
D:9 2 runed doors


Message History

The warg bites you!
The orc priest calls down the wrath of Beogh upon you.
Beogh smites you!
Casting: Freeze (safe; 1% risk of failure)
Confirm with . or Enter, or press ? or * to list all spells.
Aiming: Freeze (safe; 1% risk of failure)
Press: ? - help, Shift-Dir - straight line, f/p - warg
Aim: a warg (lightly wounded)
You freeze the warg.
The warg is heavily wounded.
The warg bites you.
The orc priest mumbles some strange prayers to Beogh against you.
Beogh smites you!
* * * LOW HITPOINT WARNING * * *
It was a potion of berserk rage.
A red film seems to cover your vision as you go berserk!
You feel yourself moving faster!
You feel mighty! The warg bites you!
* * * LOW HITPOINT WARNING * * *
The warg bites you!
You die...

..##.################...#
..##..## ##.#.# ..##...#
##### #...## ..##...##
##...## ##...##
.##..8!.###.8.8.###.....##
.#)......'.......'...)...#
.#..#+#..#..#'#.o#..#)#..#
.#.# ##.#.##o##h#.##.##.#
.#. #.#.#.o #@#.#(..#.#
.#. #.#.#.? #.#.#...#.# .#
#.#.##. #.#.##.##.# .#
..#..#+ ..#..#.#..# .##
..#.. ..#......## ..#
8.###.....# ..## ..
#....## ...## ... #....##
....### .....###


You could see a warg and an orc priest.

Vanquished Creatures
  Pikel (D:4)
  Prince Ribbit (D:6)
  A hippogriff (D:9)
  A wyvern (D:8)
  Edmund (D:4)
  Duvessa (D:4)
  2 orc warriors
  A hornet zombie (D:6)
  2 phantoms
  A necrophage (D:5)
  A black bear (D:6)
  An ogre (D:3)
  3 centaurs
  A big kobold (D:8)
  A bullfrog (D:8)
  Dowan (D:4)
  A wyvern skeleton (D:6)
  2 howler monkeys (D:8)
  2 bullfrog zombies
  4 hounds
  2 jellies
  2 orc priests (D:7)
  5 orc wizards
  Jessica (D:3)
  A centaur skeleton (D:6)
  7 worker ants
  Ijyb (D:5)
  A hound zombie (D:6)
  2 hound skeletons
  8 gnolls
  10 adders
  2 shadow imps
  2 oozes (D:1)
  5 adder skeletons
  2 adder zombies
  3 worms
  7 leopard geckos
  24 orcs
  7 giant cockroaches
  8 goblins
  10 hobgoblins
  5 jackals
  5 quokkas
  5 bats
  5 frilled lizards
  A jackal skeleton (D:5)
  2 jackal zombies (D:1)
  5 kobolds
  2 leopard gecko skeletons
  A leopard gecko zombie (D:5)
  5 rats
175 creatures vanquished.

Vanquished Creatures (others)
  A slave (D:4)
  A worker ant (D:4)
2 creatures vanquished.

Grand Total: 177 creatures vanquished

Notes
Turn   | Place    | Note
-------+----------+-------------------------------------------
     0 | D:1      | tilp the Merfolk Ice Elementalist began the quest for the
                  | Orb.
     0 | D:1      | Reached XP level 1. HP: 13/13 MP: 3/3
   264 | D:1      | Reached XP level 2. HP: 18/19 MP: 3/5
   268 | D:1      | Learned a level 2 spell: Throw Frost
  1089 | D:1      | Reached XP level 3. HP: 20/24 MP: 4/6
  1094 | D:1      | Learned a level 3 spell: Ozocubu's Armour
  1593 | D:2      | Noticed Sigmund
  1730 | D:2      | Reached skill level 5 in Ice Magic
  1890 | D:2      | Found a shattered altar of Ashenzari.
  1979 | D:2      | Reached XP level 4. HP: 30/30 MP: 4/7
  2467 | D:3      | Found a hide-covered altar of Uskayaw.
  2467 | D:3      | Noticed Jessica
  2469 | D:3      | Noticed a +0 hand axe
  2469 | D:3      | Noticed a +0 dagger
  2483 | D:3      | Killed Jessica
  2702 | D:3      | Found a stormy altar of Qazlal.
  2799 | D:3      | Reached XP level 5. HP: 35/35 MP: 6/8
  2876 | D:3      | Found a hazy altar of Hepliaklqana.
  3346 | D:4      | Noticed an ogre
  3673 | D:3      | Killed an ogre
  3673 | D:3      | Reached XP level 6. HP: 9/41 MP: 0/9
  4434 | D:4      | Noticed a phantom
  4459 | D:4      | Found Buluqah's Weapon Shop.
  4494 | D:4      | Bought a +2 spear of freezing for 243 gold pieces
  4601 | D:4      | Noticed Duvessa
  4609 | D:4      | Killed Duvessa
  4616 | D:4      | Noticed Dowan
  4858 | D:4      | Killed Dowan
  4858 | D:4      | Reached skill level 2 in Polearms
  4858 | D:4      | Reached XP level 7. HP: 46/46 MP: 10/10
  4935 | D:4      | Noticed Pikel
  4945 | D:4      | Paralysed by Pikel for 6 turns
  4957 | D:4      | Paralysed by Pikel for 3 turns
  4961 | D:4      | Killed Pikel
  4961 | D:4      | Reached skill level 8 in Polearms
  4961 | D:4      | Reached XP level 8. HP: 11/52 MP: 7/11
  5299 | D:4      | Noticed Edmund
  5307 | D:4      | Killed Edmund
  5833 | D:5      | Entered Level 5 of the Dungeon
  5843 | D:5      | Reached skill level 9 in Polearms
  5965 | D:5      | Found a staircase to the Ecumenical Temple.
  5965 | D:5      | Noticed Ijyb
  5980 | D:5      | Killed Ijyb
  5993 | Temple   | Entered the Ecumenical Temple
  6007 | Temple   | Became a worshipper of Makhleb the Destroyer
  6026 | D:5      | Found an ancient bone altar of Kikubaaqudgha.
  6273 | D:5      | Reached skill level 10 in Polearms
  6583 | D:5      | Reached skill level 11 in Polearms
  6765 | D:6      | Found a glowing silver altar of Zin.
  6829 | D:6      | Noticed Grinder
  6979 | D:6      | Found a white marble altar of Elyvilon.
  7027 | D:6      | Noticed Prince Ribbit
  7039 | D:6      | Killed Prince Ribbit
  7039 | D:6      | Reached skill level 12 in Polearms
  7039 | D:6      | Reached XP level 9. HP: 38/55 MP: 9/12
  7136 | D:6      | Found a radiant altar of Vehumet.
  7288 | D:6      | Reached skill level 1 in Fighting
  7447 | D:6      | Reached * piety under Makhleb
  7621 | D:6      | Found a shadowy altar of Dithmenos.
  7621 | D:6      | Found an iron altar of Okawaru.
  7627 | D:6      | Got a slimy steel ring
  7672 | D:6      | Found a sacrificial altar of Ru.
  8077 | D:7      | Reached skill level 5 in Dodging
  8156 | D:7      | Found a burning altar of Makhleb.
  8565 | D:7      | Identified the Guide on Icy Flight
  8940 | D:8      | Found a white marble altar of Elyvilon.
  9342 | D:8      | Reached ** piety under Makhleb
  9354 | D:8      | Noticed a hornet
  9356 | D:8      | a hornet changed into a big kobold
  9370 | D:8      | Reached skill level 5 in Fighting
  9835 | D:9      | Found a runed door.
  9843 | D:9      | Found a bloodstained altar of Trog.
  9844 | D:9      | Found an opulent altar of Gozag.
  9844 | D:9      | Found a shimmering altar of Xom.
  9862 | D:9      | Identified the ring of Odiut {-Tele rC+ Str+9 Int+2 Stlth-}
                  | (You found it on level 6 of the Dungeon)
  9918 | D:9      | Found a staircase to the Orcish Mines.
 10147 | D:9      | Found a runed door.
 10172 | D:9      | Reached XP level 10. HP: 68/74 MP: 13/14
 10281 | D:9      | Slain by a warg

Vault maps used:
D:1:      saegor_arrival_fortress, st_stairs_10
D:2:      ashenzari_conservatory_becter, kennysheep_nondescript,
          kennysheep_boxes, uniq_sigmund
D:3:      cheibrodos_greedy_goblins, marbit_many_paths, grunt_qazlal_clouds,
          dancing_weapons_uskayaw, first_ration, minmay_tree_intersection,
          kennysheep_path_1, uniq_jessica
D:4:      serial_shops, shop, uniq_duvessa, uniq_pikel, uniq_edmund
D:5:      old_standard_altar, minmay_temple_entry_mist, minmay_misc_feat_room,
          uniq_ijyb
D:6:      lemuel_doored_altar, vehumet_statue, nicolae_ru_sacrificial_ziggurat,
          chequers_temple_overflow_statue_of_worship, basic_altar, uniq_grinder,
          uniq_prince_ribbit1
D:7:      basic_altar
D:8:      nicolae_overflow_hidden_temple, basic_altar
D:9:      cheibrodos_histonic, gammafunk_temple_overflow_forgotten,
          david_orc_1_choice
Temple:   corrupted_temple

Skill      XL: |  1  2  3  4  5  6  7  8  9 10 |
---------------+-------------------------------+-----
Ice Magic      | 4 5 6 7 8 |  8.1
Polearms       | 2 8 12 | 12.5
Fighting       | 6 |  6.2
Dodging        | 6 |  6.3
Spellcasting   | 3 |  3.7
Stealth        | |  2.1
Conjurations   | |  0.7

Action                   |  1- 3 |  4- 6 |  7- 9 | 10-12 || total
-------------------------+-------+-------+-------+-------++-------
Melee: Whip              |    23 |       |       |       ||    23
       Dagger            |     1 |    22 |       |       ||    23
       Spear             |       |    18 |   485 |     5 ||   508
Throw: Stone             |   109 |    40 |     1 |       ||   150
       Tomahawk          |       |       |    11 |       ||    11
 Cast: Freeze            |    48 |    64 |    65 |    13 ||   190
       Ozocubu's Armour  |       |     4 |    17 |     1 ||    22
       Throw Frost       |       |       |     5 |       ||     5
Evoke: Wand              |       |     1 |     5 |       ||     6
  Use: Scroll            |       |     2 |    11 |       ||    13
       Potion            |       |       |       |     1 ||     1
 Stab: Sleeping          |       |     2 |     7 |       ||     9
       Paralysed         |       |       |    12 |       ||    12
       Distracted        |       |       |     3 |       ||     3
  Eat: Chunk             |     4 |     6 |    15 |       ||    25
       Ration            |       |     1 |     2 |       ||     3
Armor: Robe              |    10 |       |       |       ||    10
       Leather armour    |       |    14 |    59 |    10 ||    83
Dodge: Dodged            |    46 |    50 |   146 |    14 ||   256
       Deflected         |       |       |    10 |       ||    10

Table legend:
 A = Non-vault XP
 B = Vault XP
 C = Vault XP percentage of total XP
 D = Non-vault monster count
 E = Vault monster count
 F = Vault count percentage of total count
                 A         B        C        D         E       F
            +---------+---------+-------+---------+---------+-------
      Total |    3661 |    1259 |  25.6 |     155 |      20 |  11.4
            +---------+---------+-------+---------+---------+-------
        D:1 |      37 |      11 |  22.9 |      19 |       4 |  17.4
        D:2 |      38 |       0 |   0.0 |      12 |       0 |   0.0
        D:3 |     183 |      51 |  21.8 |      21 |       8 |  27.6
        D:4 |     191 |     881 |  82.2 |      15 |       4 |  21.1
        D:5 |     628 |      36 |   5.4 |      24 |       1 |   4.0
        D:6 |     772 |     274 |  26.2 |      21 |       1 |   4.5
        D:7 |     537 |       0 |   0.0 |      22 |       0 |   0.0
        D:8 |     676 |       0 |   0.0 |      14 |       0 |   0.0
        D:9 |     599 |       6 |   1.0 |       7 |       2 |  22.2
            +---------+---------+-------+---------+---------+-------
